 Dungeon Crawl Stone Soup version 0.31-a0-196-g86fe4a5e66 (webtiles) character file.

Game seed: 13751520747599313964

17745 Demosthentine the Spear-Bearer (level 12, -6/77 HPs)
             Began as a Demonspawn Gladiator on June 25, 2023.
             Was a Priest of Hepliaklqana.
             Shot with an arrow by Nessos (17 damage)
             ... on level 12 of the Dungeon.
             The game lasted 00:17:50 (13244 turns).

Demosthentine the Spear-Bearer (DsGl)              Turns: 13244, Time: 00:17:54

Health: -6/77      AC:  8    Str: 16    XL:     12   Next: 21%
Magic:  18/18      EV: 22    Int:  8    God:    Hepliaklqana [***...]
Gold:   837        SH:  0    Dex: 18    Spells: 11/11 levels left

rFire   + . .        H - +10 demon trident of Moderation {venom, *Rage rPois rC+ rN+}
rCold   + + +        (no shield)
rNeg    + + .        N - +1 leather armour {rC+ rF+}
rPois   +            (helmet restricted)
rElec   .            x - +1 cloak
rCorr   +            (no gloves)
SInv    .            c - +0 pair of boots
Will    .....        (no amulet)
Stlth   +            r - ring of poison resistance
HPRegen 0.32/turn    I - ring "Sinlapt" {rC+ rN+ rCorr Int-2}
MPRegen 0.16/turn

%: random rage (20%), repel missiles
@: lethally poisoned (-6 -> -22), marked, on berserk cooldown, slowed, studying
2 skills, very slow
A: reduced essence, antennae 2, repulsion field 3, demonic guardian 2, icemail
1, condensation shield, frail 1, screaming 1
a: Renounce Religion, Recall Ancestor, Ancestor Identity, Transference


You were on level 12 of the Dungeon.
You worshipped Hepliaklqana.
Hepliaklqana was most pleased with you.
You visited 2 branches of the dungeon, and saw 13 of its levels.
You also visited: Ice Cave.

You collected 1649 gold pieces.
You spent 812 gold pieces at shops.

Inventory:

Hand Weapons
 E - a +3 trident
 H - the +10 demon trident of Moderation (weapon) {venom, *Rage rPois rC+ rN+}
   (You acquired it on level 11 of the Dungeon)

   rC:        It protects you from cold.
   rPois:     It protects you from poison.
   rN:        It protects you from negative energy.
   *Rage:     It berserks you when you make melee attacks (+20% chance).
Missiles
 d - a throwing net (quivered)
 e - a javelin
 o - 50 poisoned darts
 q - 5 boomerangs
 z - 3 curare-tipped darts
Armour
 c - a +0 pair of boots (worn)
 w - a +0 troll leather armour
 x - a +1 cloak (worn)
 L - the +3 warlock's mirror {omnireflect}
   (You acquired it on level 11 of the Dungeon)

   Omnireflect: It can block and reflect piercing ranged attacks and magical
   attacks against the wielder's willpower.
 N - a +1 leather armour of resistance (worn)
Jewellery
 r - a ring of poison resistance (left hand)
 t - a ring of see invisible
 I - the ring "Sinlapt" (right hand) {rC+ rN+ rCorr Int-2}
   (You acquired it on level 9 of the Dungeon)

   [ring of resist corrosion]

   Int:       It affects your intelligence (-2).
   rC:        It protects you from cold.
   rN:        It protects you from negative energy.
   rCorr:     It protects you from acid and corrosion.
 M - a ring of protection from cold
Wands
 h - a wand of flame (14)
 i - a wand of iceblast (10)
 y - a wand of quicksilver (5)
 K - a wand of charming (5)
Scrolls
 a - a scroll of butterflies
 l - 3 scrolls of teleportation
 n - 2 scrolls of noise
 p - 3 scrolls of silence
 A - a scroll of blinking
 C - 2 scrolls of fear {unknown}
 D - a scroll of identify
 G - a scroll of poison
 J - 2 scrolls of enchant weapon
Potions
 b - a potion of cancellation
 f - 2 potions of degeneration
 g - 5 potions of enlightenment
 j - a potion of magic
 k - 2 potions of haste
 m - a potion of resistance
 s - 2 potions of brilliance
 u - 4 potions of curing
 v - a potion of mutation


   Skills:
 + Level 10.1 Fighting
 + Level 10.6 Polearms
 - Level 1.7 Throwing
 - Level 6.3 Armour
 + Level 10.1 Dodging
 + Level 4.5 Shields
 + Level 8.8 Invocations


You had 11 spell levels left.
You didn't know any spells.
Your spell library contained the following spells:

 Spells                   Type           Power      Damage    Failure   Level
 Freeze                   Ice            0%         1d3       45%         1
 Kiss of Death            Conj/Necr      0%         2d5       45%         1
 Sting                    Tmut/Pois      0%         1d3       45%         1
 Lesser Beckoning         Tloc           0%         N/A       61%         2
 Poisonous Vapours        Pois/Air       0%         N/A       61%         2
 Confusing Touch          Hex            0%         N/A       83%         3
 Frozen Ramparts          Ice            0%         1d1       83%         3
 Hailstorm                Conj/Ice       0%         3d3       83%         3
 Dispel Undead            Necr           0%         3d6       99%         4
 Olgreb's Toxic Radiance  Pois           0%         N/A       99%         4
 Summon Ice Beast         Ice/Summ       0%         N/A       99%         4
 Summon Forest            Summ/Tloc      0%         N/A       100%        5
 Summon Mana Viper        Hex/Summ       0%         N/A       100%        5
 Dispersal                Tloc           0%         N/A       100%        6
 Summon Cactus Giant      Summ           0%         N/A       100%        6
 Disjunction              Tloc           0%         N/A       100%        8


Dungeon Overview and Level Annotations

Branches:
Dungeon (12/15)            Temple (1/1) D:6            Lair (0/5) D:8
  IceCv (visited)
    Orc: D:9-12

Altars:
Ashenzari
Cheibriados
Dithmenos
Fedhas
Gozag
Hepliaklqana
Kikubaaqudgha
Makhleb
Nemelex Xobeh
Okawaru
Qazlal
Ru
Sif Muna
Trog
Uskayaw
Vehumet
Wu Jian
Xom
Yredelemnul

Shops:
D:9 ?

Annotations:
D:12 1 transporter, Azrael, Nessos


Innate Abilities, Weirdness & Mutations

Your life essence is reduced to manifest your ancestor. (-10% HP)
You have a pair of antennae on your head.
You are surrounded by a strong repulsion field. (EV +4, RMsl)
A demonic guardian rushes to your aid.
A meltable icy envelope protects you from harm. (AC +0)
A meltable shield of frost defends you. (SH +0)
You are frail. (-10% HP)
You occasionally shout uncontrollably at your foes.


Message History

Zolin hits the hell hound with a +0 dagger of draining!
Nessos shoots an arrow.
The arrow closely misses you.
Reactivating autopickup.
You feel a bit more experienced.
Zolin hits the hell hound with a +0 dagger of draining!
You miss the hell hound.
The hell hound is severely wounded.
Nessos shoots an arrow.
The arrow closely misses you. The hell hound barely misses you.
Nessos shoots an arrow.
The arrow completely misses you.
Zolin misses the hell hound.
Azrael the Boundless Flame comes into view.
He is wielding a +4 scimitar of flaming.
Zolin casts a spell at the hell hound.
The hell hound appears confused.
Nessos shoots an arrow.
The arrow completely misses you.
The arrow closely misses the hell hound.
You puncture the hell hound!
You kill the hell hound!
Your surroundings suddenly seem different.
Unknown command.
Nessos shoots an arrow.
The arrow hits you! The arrow burns you.
You are poisoned.
A demonic guardian appears!
You feel very sick.
Nessos unwields a +3 longbow of flaming.
It stops flaming.
Nessos completely misses you. Nessos closely misses you.
Your orange demon stings Nessos from afar!
There is a stone staircase leading up here.
You puncture Nessos!
Nessos looks as sick as possible!
Nessos is almost dead.
You feel sick.
Nessos mumbles some strange words.
Nessos blinks!
Nessos wields a +3 longbow of flaming.
It bursts into flame!
Nessos shoots an arrow.
The arrow hits you! The arrow burns you.
You are more poisoned.
* * * LOW HITPOINT WARNING * * *
Azrael gestures at you.
The fireball explodes!
The fireball engulfs you! You resist.
* * * LOW HITPOINT WARNING * * *
Nessos shoots an arrow.
The arrow hits you!
You die...

##### #...##### #.#.....#
#.#.....########
#..............##
##.........4....##########
#.......@§...(.c...#.....
#........................
##########.#............#
#R#............#
#☼#............#
#.#......†.....#
#####.#......†.....#
#..................#
#..................#


You could see Azrael, Nessos (fast, extremely poisoned, ally target) and a
friendly orange demon (summoned).

Vanquished Creatures
  A reaper (IceCv)
  A hydra (D:11)
  A two-headed ogre (D:9)
  2 ugly things
  2 ice statues (IceCv)
  An unseen horror (D:12)
  A kobold demonologist (D:10)
  6 ice devils (IceCv)
  An unseen horror zombie (D:9)
  2 anaconda simulacra (IceCv)
  The ghost of Munksy the Chopper, an amateur MiBe of Trog (D:4)
  2 trolls
  Sigmund (D:2)
  A wyvern (D:7)
  A shadow (D:10)
  2 basilisks (D:8)
  3 dire elephant simulacra (IceCv)
  3 vampire mosquitoes (D:10)
  10 yaks
  A neqoxec (D:12)
  4 harpy simulacra (IceCv)
  A hydra simulacrum (IceCv)
  An acid dragon (D:10)
  A hell hound (D:12)
  5 water moccasins
  2 orc warriors
  An ice beast (D:5)
  3 black bears
  An ogre (D:3)
  2 wolves (D:8)
  2 centaurs
  5 kobold brigands
  4 bullfrogs
  3 necrophages (D:9)
  A wyvern zombie (D:9)
  4 scorpions
  17 wights
  A wyvern skeleton (D:4)
  2 killer bees (D:10)
  A howler monkey (D:6)
  4 centaur zombies (D:9)
  2 bullfrog zombies (D:4)
  A human zombie (D:9)
  3 orc priests
  A gnoll bouda (D:8)
  3 hounds
  4 jellies
  Jessica (D:2)
  A sleepcap (D:6)
  4 iguanas
  5 orc wizards
  A spriggan simulacrum (IceCv)
  A troll simulacrum (IceCv)
  2 wolf simulacra (IceCv)
  A howler monkey zombie (D:4)
  13 gnolls
  2 adders
  3 shadow imps
  10 white imps
  3 ufetubi
  2 worms (D:4)
  3 dart slugs
  19 orcs
  7 ball pythons
  6 endoplasms
  5 giant cockroaches
  3 goblins
  5 hobgoblins
  9 quokkas
  9 bats
  A frilled lizard (D:3)
  20 kobolds
  3 rats (D:2)
261 creatures vanquished.

Vanquished Creatures (collateral kills)
  A two-headed ogre (D:8)
  A gargoyle (D:11)
  A kobold demonologist (D:10)
  A shadow (D:11)
  A yak (D:10)
  A black bear (D:8)
  2 centaurs
  A scorpion (D:7)
  2 bullfrogs (D:8)
  A gnoll sergeant (D:7)
  A wight (D:9)
  3 killer bees (D:10)
  3 gnolls
  4 white imps
  3 orcs
  8 kobolds
34 creatures vanquished.

Vanquished Creatures (others)
  An unseen horror (D:12)
  6 hexers
  3 ancestors
10 creatures vanquished.

Grand Total: 305 creatures vanquished

Notes
Turn   | Place    | Note
-------+----------+-------------------------------------------
     0 | D:1      | Demosthentine the Demonspawn Gladiator began the quest for
                  | the Orb.
     0 | D:1      | Reached XP level 1. HP: 16/16 MP: 1/1
   153 | D:1      | Gained mutation: You are surrounded by a mild repulsion
                  | field. (EV +2) [demonic ancestry]
   153 | D:1      | Reached XP level 2. HP: 22/22 MP: 2/2
   365 | D:1      | Found a faded altar of an unknown god.
   518 | D:2      | Reached skill level 1 in Armour
   518 | D:2      | Gained mutation: A meltable shield of frost defends you.
                  | (SH +0) [demonic ancestry]
   518 | D:2      | Reached XP level 3. HP: 28/28 MP: 3/3
   583 | D:2      | Noticed Sigmund
   594 | D:2      | Killed Sigmund
   595 | D:2      | Gained mutation: You have a pair of small antennae on your
                  | head. [demonic ancestry]
   595 | D:2      | Reached XP level 4. HP: 35/35 MP: 4/4
   595 | D:2      | Gained mutation: A weak demonic guardian rushes to your
                  | aid. [demonic ancestry]
   595 | D:2      | Reached XP level 5. HP: 41/41 MP: 5/5
  1179 | D:2      | Noticed Jessica
  1196 | D:2      | Killed Jessica
  1197 | D:2      | Gained mutation: A meltable icy envelope protects you from
                  | harm. (AC +0) [demonic ancestry]
  1197 | D:2      | Reached XP level 6. HP: 38/47 MP: 6/6
  1753 | D:3      | Found a sacrificial altar of Ru.
  1828 | D:3      | Got the Vellum of the Twisted Deep Freeze
  2289 | D:3      | Found a stormy altar of Qazlal.
  2309 | D:3      | Found a shimmering altar of Xom.
  2589 | D:3      | HP: 1/48 [something/puff of flame (8)]
  2798 | D:4      | HP: 2/48 [orc wizard/+0 dagger (1)]
  2800 | D:4      | Gained mutation: You have a pair of antennae on your head.
                  | [demonic ancestry]
  2800 | D:4      | Reached XP level 7. HP: 1/54 MP: 7/7
  3771 | D:4      | Found a runed translucent gate.
  3772 | D:4      | Found a runed translucent gate.
  3772 | D:4      | Found a runed translucent gate.
  3834 | D:4      | Noticed Munksy's ghost (amateur MiBe)
  3869 | D:4      | Identified the +3 leather armour of Magic {Str+2}
  4089 | D:4      | Killed Munksy's ghost
  4095 | D:4      | Reached skill level 5 in Dodging
  4100 | D:4      | Reached skill level 5 in Fighting
  4100 | D:4      | Reached skill level 5 in Polearms
  4100 | D:4      | Gained mutation: You are surrounded by a moderate repulsion
                  | field. (EV +3) [demonic ancestry]
  4100 | D:4      | Reached XP level 8. HP: 38/62 MP: 8/8
  4213 | D:5      | Entered Level 5 of the Dungeon
  4518 | D:5      | Found a burning altar of Makhleb.
  4523 | D:5      | Found an iron altar of Okawaru.
  5281 | D:6      | Found a staircase to the Ecumenical Temple.
  5352 | Temple   | Entered the Ecumenical Temple
  5499 | Temple   | Became a worshipper of Hepliaklqana the Forgotten
  5541 | D:6      | Reached skill level 5 in Armour
  5809 | D:6      | Reached XP level 9. HP: 66/69 MP: 9/9
  6244 | D:5      | Identified a scroll of acquirement
  6244 | D:5      | Acquired 866 gold pieces
  6566 | D:7      | Reached * piety under Hepliaklqana
  6666 | D:7      | Found a hide-covered altar of Uskayaw.
  7152 | D:7      | Found a radiant altar of Vehumet.
  7903 | D:8      | Reached skill level 1 in Invocations
  8009 | D:8      | Reached XP level 10. HP: 52/71 MP: 9/11
  8104 | D:8      | Found a staircase to the Lair.
  8516 | D:8      | Noticed a two-headed ogre
  8524 | D:8      | Killed a two-headed ogre
  8576 | D:8      | Reached ** piety under Hepliaklqana
  8577 | D:8      | Remembered your ancestor Zolin as a hexer
  8697 | D:9      | Noticed a two-headed ogre
  8703 | D:9      | Killed a two-headed ogre
  8826 | D:9      | Reached skill level 5 in Invocations
  9386 | D:9      | Found a basalt altar of Yredelemnul.
  9442 | D:9      | Gained mutation: You are surrounded by a strong repulsion
                  | field. (EV +4, RMsl) [demonic ancestry]
  9442 | D:9      | Reached XP level 11. HP: 77/78 MP: 15/15
  9462 | D:9      | Reached skill level 1 in Shields
  9636 | D:9      | Found Fenidgh's Magic Scroll Shoppe.
  9639 | D:9      | Bought a scroll of acquirement for 676 gold pieces
  9639 | D:9      | Bought a scroll of enchant weapon for 97 gold pieces
  9639 | D:9      | Bought a scroll of teleportation for 39 gold pieces
  9641 | D:9      | Acquired the ring "Sinlapt" {rC+ rN+ rCorr Int-2}
  9883 | D:10     | Entered Level 10 of the Dungeon
 10571 | D:10     | Found an ancient bone altar of Kikubaaqudgha.
 11097 | D:11     | Reached *** piety under Hepliaklqana
 11188 | D:11     | Noticed a green ugly thing
 11209 | D:11     | Killed a green ugly thing
 11446 | D:11     | Noticed an eight-headed hydra
 11456 | D:11     | Killed an eight-headed hydra
 12102 | D:11     | Acquired the +3 warlock's mirror {omnireflect}
 12102 | D:11     | Found the +3 warlock's mirror {omnireflect}
 12105 | D:11     | Acquired the +10 demon trident of Moderation {venom, *Rage
                  | rPois rC+ rN+}
 12111 | D:11     | Acquired a manual of Dodging
 12133 | D:12     | Found a frozen archway.
 12157 | IceCv    | Entered an ice cave
 12571 | IceCv    | Reached skill level 10 in Polearms
 12852 | IceCv    | Noticed a reaper
 12862 | IceCv    | Killed a reaper
 12863 | IceCv    | Gained mutation: A demonic guardian rushes to your aid.
                  | [demonic ancestry]
 12863 | IceCv    | Reached XP level 12. HP: 60/87 MP: 18/18
 13048 | IceCv    | Reached skill level 10 in Fighting
 13144 | D:12     | Reached skill level 10 in Dodging
 13223 | D:12     | Noticed Nessos
 13223 | D:12     | Gained mutation: You are frail. (-10% HP) [a neqoxec]
 13227 | D:12     | Gained mutation: You occasionally shout uncontrollably at
                  | your foes. [a neqoxec]
 13229 | D:12     | Noticed a death knight
 13230 | D:12     | Noticed a death knight
 13232 | D:12     | Found a transporter.
 13232 | D:12     | Noticed a vampire knight
 13237 | D:12     | Noticed Azrael
 13244 | D:12     | Shot with an arrow by Nessos

Illustrated notes

Levels and vault maps discovered:
D:1:      matt_arrival_grand_opening, layout_rooms,
          ebering_ecumenical_altar_abandoned
D:2:      layout_basic, hangedman_decor_push, minmay_misc_feat_plants,
          uniq_sigmund, uniq_jessica
D:3:      layout_loops_ring, mainiacjoe_overflow_24_doors,
          nicolae_overflow_squiral, kennysheep_generic_room_12
D:4:      layout_basic, gammafunk_ghost_necromancy, grunt_tough_drop
D:5:      layout_basic, nicolae_overflow_hidden_temple, kennysheep_small_spiral,
          hangedman_decor_growths
D:6:      layout_loops_ring, minmay_temple_entry_tees
D:7:      layout_gridville, nicolae_uskayaw_suspiria,
          mainiacjoe_overflow_alcove_2
D:8:      layout_loops_ring, tso_altar, minmay_lair_entry_grove
D:9:      wander_river, layout_loops_ring, lemuel_mausoleum_altar_yredelemnul,
          serial_shops, kennysheep_mini_moat
D:10:     layout_cave_pools, kiku_gazebo_garden_becter
D:11:     layout_basic
D:12:     layout_rooms, zombieorc1_lemuel, gammafunk_ghost_mausoleum,
          serial_demonic, serial_demonic_e, serial_demonic_e, serial_demonic_c,
          serial_demonic_g, portal_ice_cave_entry_imps, uniq_nessos,
          uniq_azrael, uniq_rupert
Temple:   hellmonk_temple_two_chambers

Skill      XL: |  1  2  3  4  5  6  7  8  9 10 11 12 |
---------------+-------------------------------------+-----
Polearms       | 3 4 5 7 8 10 | 10.6
Dodging        | 3 4 5 6 7 8 9 10 | 10.1
Armour         | 1 2 3 4 5 6 |  6.3
Fighting       | 3 4 5 6 7 8 9 10 | 10.1
Invocations    | 1 5 8 |  8.8
Shields        | 4 |  4.5
Throwing       | |  1.7

Action                     |  1- 3 |  4- 6 |  7- 9 | 10-12 || total
---------------------------+-------+-------+-------+-------++-------
  Melee: Trident           |    76 |   173 |   590 |   377 ||  1216
         Punch             |       |     2 |     7 |     7 ||    16
         Demon trident     |       |       |       |   138 ||   138
  Throw: Throwing net      |     1 |     2 |     1 |       ||     4
 Invoke: Recall Ancestor   |       |       |     1 |       ||     1
         Ancestor Life: He |       |       |       |     1 ||     1
    Use: Scroll            |     3 |     5 |    10 |    11 ||    29
         Potion            |       |     4 |     4 |       ||     8
   Stab: Sleeping          |     1 |     1 |     2 |     2 ||     6
         Held in net/web   |       |       |     1 |       ||     1
         Confused          |       |       |       |    10 ||    10
         Distracted        |       |       |       |     6 ||     6
 Armour: Leather armour    |    20 |    51 |   124 |    98 ||   293
  Dodge: Dodged            |    42 |   147 |   413 |   390 ||   992
         Repelled          |       |       |       |     4 ||     4
  Block: Other             |     2 |    32 |    91 |    66 ||   191

Table legend: (Time is in decaauts)
 A = Elapsed time spent in this place.
 B = Non-inter-level travel time spent in this place.
 C = Inter-level travel time spent in this place.
 D = Time resting spent in this place.
 E = Time spent auto-exploring this place.
 F = Levels seen in this place.
 G = Mean time per level.
                   A        B        C        D        E       F      G
               +--------+--------+--------+--------+--------+-----+--------+
         Total |  13338 |  12939 |    399 |   1039 |   9101 |  14 |  952.7 |
       Dungeon |  12143 |  11744 |    399 |    584 |   8665 |  12 | 1011.9 |
        Temple |    151 |    151 |      0 |      0 |    140 |   1 |  151.0 |
      Ice Cave |   1042 |   1042 |      0 |    455 |    296 |   1 | 1042.0 |
               +--------+--------+--------+--------+--------+-----+--------+

Top non-repeatable levels by time:
     D:9: 1587 daAuts
     D:8: 1299 daAuts
     D:3: 1294 daAuts
     D:4: 1273 daAuts
    D:11: 1096 daAuts
     D:7: 1081 daAuts
     D:5: 1076 daAuts
     D:2: 1067 daAuts
   IceCv: 1042 daAuts
     D:6: 853 daAuts
    D:10: 739 daAuts
     D:1: 622 daAuts
    D:12: 152 daAuts
  Temple: 151 daAuts
